TOP OF THE 1ST |
Colorado Commanders batting - Pitching for Surrey Sinners : RHP Allen Bannatyne
|
Pitching: RHP Allen Bannatyne
|
|
Batting: SHB Ángel Díaz
|
0-0: Foul Ball, location: 2F 0-1: Called Strike 0-2: Strikes out swinging
|
Batting: RHB Roberto Zamora
|
0-0: Called Strike 0-1: Ball 1-1: Ball 2-1: Foul Ball, location: 2F 2-2: Foul Ball, location: 2F 2-2: Ball 3-2: Base on Balls
|
Batting: RHB Tim Adkins
|
0-0: Swinging Strike 0-1: Ball 1-1: Foul Ball, location: 2F 1-2: Ball 2-2: Reached on error, E4 (Groundball, 4) Roberto Zamora to second
|
Batting: LHB Gary Kern
|
0-0: Called Strike Roberto Zamora steals 3rd base Tim Adkins to second 0-1: Foul Ball, location: 2F 0-2: Foul Ball, location: 2F 0-2: Strikes out swinging
|
Batting: RHB Earnest Turner
|
0-0: Called Strike 0-1: Foul Ball, location: 2F 0-2: Strikes out looking
|
Top of the 1st over - 0 run(s), 0 hit(s), 1 error(s), 2 left on base; Colorado 0 - Surrey 0 |
BOTTOM OF THE 1ST |
Surrey Sinners batting - Pitching for Colorado Commanders : RHP Christian Camden
|
Pitching: RHP Christian Camden
|
|
Batting: RHB Max Alexander
|
0-0: Ball 1-0: Foul Ball, location: 2F 1-1: Hit by Pitch
|
Batting: LHB Brian Ford
|
0-0: Ball Passed Ball! Max Alexander to second 1-0: Foul Ball, location: 2F 1-1: Reached on error, E4 (Groundball, 4M) Max Alexander scores
|
Batting: RHB Sixto Banda
|
0-0: Called Strike 0-1: Ball 1-1: Ball 2-1: Swinging Strike 2-2: Strikes out swinging
|
Batting: RHB Brett Murphy
|
0-0: SINGLE (Groundball, 4MD) Brian Ford to third Runner from 3rd tries for Home, SAFE, no throw or cutoff
|
Batting: LHB Buddy Rice
|
0-0: Foul Ball, location: 2F 0-1: Foul Ball, location: 2F 0-2: Ball 1-2: Foul Ball, location: 2F 1-2: Strikes out swinging
|
Batting: LHB Javier Espinoza
|
0-0: Ball 1-0: Called Strike 1-1: Called Strike 1-2: Ball 2-2: Ball 3-2: Ground out 6-3 (Groundball, 6)
|
Bottom of the 1st over - 2 run(s), 1 hit(s), 1 error(s), 1 left on base; Colorado 0 - Surrey 2 |
TOP OF THE 2ND |
Colorado Commanders batting - Pitching for Surrey Sinners : RHP Allen Bannatyne
|
Batting: RHB Lee Price
|
0-0: Called Strike 0-1: Swinging Strike 0-2: Ball 1-2: Reached on error, E5 (Groundball, 56S)
|
Batting: RHB Xavier De La Cruz
|
0-0: Fly out, F9 (Flyball, 89D) Runner from 2nd tags up, SAFE at 3rd, no throw
|
Batting: RHB Richard Pendergast
|
0-0: Ball 1-0: Ball 2-0: Fly out, F3 (Popup, 2R)
|
Batting: RHB Emiel van Rhee
|
0-0: Ball 1-0: Ball 2-0: Called Strike 2-1: Foul Ball, location: 2F 2-2: Fly out, F7 (Flyball, 7M)
|
Top of the 2nd over - 0 run(s), 0 hit(s), 1 error(s), 1 left on base; Colorado 0 - Surrey 2 |
BOTTOM OF THE 2ND |
Surrey Sinners batting - Pitching for Colorado Commanders : RHP Christian Camden
|
Batting: RHB Daniel Santiago
|
0-0: Swinging Strike 0-1: Foul Ball, location: 2F 0-2: Ball 1-2: Foul Ball, location: 2F 1-2: Foul Ball, location: 2F 1-2: Ball 2-2: Strikes out swinging
|
Batting: RHB Mitchell Darragh
|
0-0: Swinging Strike 0-1: Ball 1-1: Ground out 6-3 (Groundball, 6M)
|
Batting: SHB Lawrence Steward
|
0-0: Foul Ball, location: 2F 0-1: Foul Ball, location: 2F 0-2: Ball 1-2: Ball 2-2: Strikes out swinging
|
Bottom of the 2nd over - 0 run(s), 0 hit(s), 0 error(s), 0 left on base; Colorado 0 - Surrey 2 |
TOP OF THE 3RD |
Colorado Commanders batting - Pitching for Surrey Sinners : RHP Allen Bannatyne
|
Batting: SHB Ángel Díaz
|
0-0: Ball 1-0: Ground out 5-3 (Groundball, 56S)
|
Batting: RHB Roberto Zamora
|
0-0: Ball 1-0: Swinging Strike 1-1: Foul Ball, location: 2F 1-2: Strikes out swinging
|
Batting: RHB Tim Adkins
|
0-0: Ball 1-0: Ball 2-0: Swinging Strike 2-1: Ball 3-1: Fly out, F8 (Flyball, 8LD)
|
Top of the 3rd over - 0 run(s), 0 hit(s), 0 error(s), 0 left on base; Colorado 0 - Surrey 2 |
BOTTOM OF THE 3RD |
Surrey Sinners batting - Pitching for Colorado Commanders : RHP Christian Camden
|
Batting: RHB Max Alexander
|
0-0: Called Strike 0-1: Foul Ball, location: 2F 0-2: Foul Ball, location: 2F 0-2: Ground out 6-3 (Groundball, 6)
|
Batting: LHB Brian Ford
|
0-0: Foul Ball, location: 2F 0-1: Ball 1-1: Ball 2-1: Ball 3-1: Ground out 4-3 (Groundball, 4)
|
Batting: RHB Sixto Banda
|
0-0: Ball 1-0: Ball 2-0: Foul Ball, location: 2F 2-1: SINGLE (Line Drive, 8LS)
|
Batting: RHB Brett Murphy
|
0-0: Ball 1-0: Foul Ball, location: 2F 1-1: Fielders Choice at 2nd, U6 (Groundball, 6M)
|
Bottom of the 3rd over - 0 run(s), 1 hit(s), 0 error(s), 1 left on base; Colorado 0 - Surrey 2 |
TOP OF THE 4TH |
Colorado Commanders batting - Pitching for Surrey Sinners : RHP Allen Bannatyne
|
Batting: LHB Gary Kern
|
0-0: Ground out 4-3 (Groundball, 4S)
|
Batting: RHB Earnest Turner
|
0-0: Foul Ball, location: 2F 0-1: Ball 1-1: Ball 2-1: Ball 3-1: Foul Ball, location: 2F 3-2: Foul Ball, location: 2F 3-2: Strikes out swinging
|
Batting: RHB Lee Price
|
0-0: Swinging Strike 0-1: Ball 1-1: Swinging Strike 1-2: Strikes out swinging
|
Top of the 4th over - 0 run(s), 0 hit(s), 0 error(s), 0 left on base; Colorado 0 - Surrey 2 |
BOTTOM OF THE 4TH |
Surrey Sinners batting - Pitching for Colorado Commanders : RHP Christian Camden
|
Batting: LHB Buddy Rice
|
0-0: Called Strike 0-1: Swinging Strike 0-2: Ball 1-2: Ground out 6-3 (Groundball, 6M)
|
Batting: LHB Javier Espinoza
|
0-0: Fly out, F7 (Flyball, 78M)
|
Batting: RHB Daniel Santiago
|
0-0: Ground out 4-3 (Groundball, 4S)
|
Bottom of the 4th over - 0 run(s), 0 hit(s), 0 error(s), 0 left on base; Colorado 0 - Surrey 2 |
TOP OF THE 5TH |
Colorado Commanders batting - Pitching for Surrey Sinners : RHP Allen Bannatyne
|
Batting: RHB Xavier De La Cruz
|
0-0: Ball 1-0: Foul Ball, location: 2F 1-1: Foul Ball, location: 2F 1-2: Strikes out swinging
|
Batting: RHB Richard Pendergast
|
0-0: SINGLE (Line Drive, 56)
|
Batting: RHB Emiel van Rhee
|
0-0: Called Strike 0-1: Ball Wild Pitch! Richard Pendergast to second 1-1: DOUBLE (Line Drive, 7LM) Richard Pendergast scores
|
Batting: SHB Ángel Díaz
|
0-0: Called Strike 0-1: Called Strike 0-2: Ball 1-2: Fly out, F4 (Line Drive, 34)
|
Batting: RHB Roberto Zamora
|
0-0: Ball 1-0: Called Strike 1-1: Foul Ball, location: 2F 1-2: Foul Ball, location: 2F 1-2: Ball 2-2: Foul Ball, location: 2F 2-2: Foul Ball, location: 2F 2-2: Ball 3-2: Strikes out swinging
|
Top of the 5th over - 1 run(s), 2 hit(s), 0 error(s), 1 left on base; Colorado 1 - Surrey 2 |
BOTTOM OF THE 5TH |
Surrey Sinners batting - Pitching for Colorado Commanders : RHP Christian Camden
|
Batting: RHB Mitchell Darragh
|
0-0: Called Strike 0-1: Foul Ball, location: 2F 0-2: Ball 1-2: Strikes out swinging
|
Batting: SHB Lawrence Steward
|
0-0: Ball 1-0: Ball 2-0: Called Strike 2-1: Foul Ball, location: 2F 2-2: Ball 3-2: Base on Balls
|
Batting: RHB Max Alexander
|
0-0: Ball 1-0: Ball 2-0: Called Strike 2-1: Foul Ball, location: 2F 2-2: Ball 3-2: Strikes out looking
|
Batting: LHB Brian Ford
|
0-0: Foul Ball, location: 2F 0-1: Ball Lawrence Steward is caught stealing 2nd base
|
Bottom of the 5th over - 0 run(s), 0 hit(s), 0 error(s), 0 left on base; Colorado 1 - Surrey 2 |
TOP OF THE 6TH |
Colorado Commanders batting - Pitching for Surrey Sinners : RHP Allen Bannatyne
|
Batting: RHB Tim Adkins
|
0-0: Ball 1-0: Swinging Strike 1-1: Swinging Strike 1-2: Strikes out looking
|
Batting: LHB Gary Kern
|
0-0: Foul Ball, location: 2F 0-1: Ball 1-1: Called Strike 1-2: Strikes out looking
|
Batting: RHB Earnest Turner
|
0-0: Called Strike 0-1: Ground out 4-3 (Groundball, 4M)
|
Top of the 6th over - 0 run(s), 0 hit(s), 0 error(s), 0 left on base; Colorado 1 - Surrey 2 |
BOTTOM OF THE 6TH |
Surrey Sinners batting - Pitching for Colorado Commanders : RHP Christian Camden
|
Batting: LHB Brian Ford
|
0-0: Ball 1-0: Ball 2-0: Swinging Strike 2-1: Ball 3-1: Base on Balls
|
Batting: RHB Sixto Banda
|
0-0: Ball 1-0: Ball 2-0: Foul Ball, location: 2F 2-1: Ball 3-1: Called Strike 3-2: Strikes out swinging
|
Pitching: RHP Ramiro Trujillo
|
|
Batting: RHB Brett Murphy
|
0-0: Ball 1-0: Ball 2-0: Foul Ball, location: 2F 2-1: Ball 3-1: Swinging Strike 3-2: SINGLE (Groundball, 56) Brian Ford to second
|
Batting: LHB Buddy Rice
|
0-0: Called Strike 0-1: Ball 1-1: Called Strike 1-2: Strikes out swinging
|
Batting: LHB Javier Espinoza
|
0-0: Called Strike 0-1: Fly out, F7 (Line Drive, 78M)
|
Bottom of the 6th over - 0 run(s), 1 hit(s), 0 error(s), 2 left on base; Colorado 1 - Surrey 2 |
TOP OF THE 7TH |
Colorado Commanders batting - Pitching for Surrey Sinners : RHP Allen Bannatyne
|
Pitching: RHP Tomás Silva
|
|
Batting: RHB Lee Price
|
0-0: Ball 1-0: Ball 2-0: Foul Ball, location: 2F 2-1: Foul Ball, location: 2F 2-2: Ball 3-2: Strikes out swinging, 2-3 out at first.
|
Batting: RHB Xavier De La Cruz
|
0-0: Called Strike 0-1: Reached on error, E6 (Groundball, 6)
|
Batting: RHB Richard Pendergast
|
0-0: SINGLE (Groundball, 3L) Xavier De La Cruz to second Runner from 2nd tries for 3rd, SAFE, throw made to third
|
Batting: RHB Emiel van Rhee
|
0-0: Foul Ball, location: 2F 0-1: SINGLE (Line Drive, 89S) Xavier De La Cruz scores Richard Pendergast to second
|
Batting: SHB Ángel Díaz
|
0-0: Swinging Strike 0-1: Called Strike Richard Pendergast steals 3rd base Emiel van Rhee to second 0-2: Ball 1-2: Strikes out swinging
|
Batting: RHB Roberto Zamora
|
0-0: Ball 1-0: Ball 2-0: Foul Ball, location: 2F 2-1: Ball 3-1: Foul Ball, location: 2F 3-2: Foul Ball, location: 2F 3-2: Base on Balls
|
Batting: RHB Tim Adkins
|
0-0: Called Strike 0-1: Swinging Strike 0-2: Ball 1-2: Ball 2-2: Strikes out looking
|
Top of the 7th over - 1 run(s), 2 hit(s), 1 error(s), 3 left on base; Colorado 2 - Surrey 2 |
BOTTOM OF THE 7TH |
Surrey Sinners batting - Pitching for Colorado Commanders : RHP Ramiro Trujillo
|
Pinch Hitting: RHB Víctor Arredondo
|
0-0: Foul Ball, location: 2F 0-1: Ball 1-1: Swinging Strike 1-2: Ball 2-2: Ball 3-2: Strikes out swinging
|
Pinch Hitting: RHB Augusto Trevino
|
0-0: Ball 1-0: Called Strike 1-1: Ball 2-1: Swinging Strike 2-2: Foul Ball, location: 2F 2-2: Foul Ball, location: 2F 2-2: Strikes out swinging
|
Batting: SHB Lawrence Steward
|
0-0: Called Strike 0-1: Ball 1-1: SINGLE (Groundball, 34D)
|
Pinch Hitting: LHB Benny Richard
|
0-0: Called Strike Lawrence Steward steals 2nd base 0-1: Foul Ball, location: 2F 0-2: Fly out, F8 (Flyball, 8LM)
|
Bottom of the 7th over - 0 run(s), 1 hit(s), 0 error(s), 1 left on base; Colorado 2 - Surrey 2 |
TOP OF THE 8TH |
Colorado Commanders batting - Pitching for Surrey Sinners : RHP Tomás Silva
|
Pitching: LHP Pedro Najcrea
|
|
Now at 1B: Benny Richard
|
|
Now in CF: Augusto Trevino
|
|
Now in RF: Víctor Arredondo
|
|
Pinch Hitting: RHB José Aranda
|
0-0: Ball 1-0: Called Strike 1-1: Foul Ball, location: 2F 1-2: Ball 2-2: Ball 3-2: Ground out 6-3 (Groundball, 6S)
|
Pitching: RHP Juan Fonseca
|
|
Pinch Hitting: RHB John Riley
|
0-0: Swinging Strike 0-1: Foul Ball, location: 2F 0-2: Strikes out swinging
|
Batting: RHB Lee Price
|
0-0: Ball 1-0: Swinging Strike 1-1: Called Strike 1-2: Ball 2-2: Strikes out looking
|
Top of the 8th over - 0 run(s), 0 hit(s), 0 error(s), 0 left on base; Colorado 2 - Surrey 2 |
BOTTOM OF THE 8TH |
Surrey Sinners batting - Pitching for Colorado Commanders : RHP Ramiro Trujillo
|
Now at 3B: José Aranda
|
|
Now at SS: John Riley
|
|
Batting: LHB Brian Ford
|
0-0: Ball 1-0: Ball 2-0: Ball 3-0: Base on Balls
|
Batting: RHB Sixto Banda
|
0-0: Ball 1-0: Ground out 5-3 (Groundball, 5S) Brian Ford to second
|
Pitching: RHP Manuel Zarate
|
|
Pinch Hitting: RHB Jesús Lara
|
0-0: Foul Ball, location: 2F 0-1: Ball 1-1: Ground out 6-3 (Groundball, 6M) Brian Ford to third
|
Batting: LHB Buddy Rice
|
0-0: Ball 1-0: Swinging Strike 1-1: Foul Ball, location: 2F 1-2: SINGLE (Line Drive, 78M) Brian Ford scores
|
Batting: LHB Javier Espinoza
|
0-0: SINGLE (Line Drive, 78M) Buddy Rice to second
|
Batting: RHB Víctor Arredondo
|
0-0: Called Strike 0-1: Ball 1-1: Foul Ball, location: 2F 1-2: Ball 2-2: Ground out 4-3 (Groundball, 4)
|
Bottom of the 8th over - 1 run(s), 2 hit(s), 0 error(s), 2 left on base; Colorado 2 - Surrey 3 |
TOP OF THE 9TH |
Colorado Commanders batting - Pitching for Surrey Sinners : RHP Juan Fonseca
|
Pitching: RHP José López
|
|
Now at 2B: Luis Martínez
|
|
Now at 3B: Carlos Rodríguez
|
|
Batting: RHB Xavier De La Cruz
|
0-0: Ball 1-0: Swinging Strike 1-1: Called Strike 1-2: Ball 2-2: Ball 3-2: Strikes out swinging
|
Batting: RHB Richard Pendergast
|
0-0: Ball 1-0: Foul Ball, location: 2F 1-1: Ground out 5-3 (Groundball, 56)
|
Batting: RHB Emiel van Rhee
|
0-0: Reached on error, E1 (Groundball, 15)
|
Batting: SHB Ángel Díaz
|
0-0: Called Strike 0-1: Ball 1-1: Ground out U3 (Groundball, 3L)
|
Top of the 9th over - 0 run(s), 0 hit(s), 1 error(s), 1 left on base; Colorado 2 - Surrey 3 |
|